 Dungeon Crawl Stone Soup version 0.23.1 (webtiles) character file.

Game seed: 14720719050264820501

70 vishdafish the Shield-Bearer (level 4, 0/61 HPs)
             Began as a Gnoll Fighter on Mar 3, 2019.
             Succumbed to a kobold's poison
             ... on level 3 of the Dungeon.
             The game lasted 00:02:00 (1746 turns).

vishdafish the Shield-Bearer (Gnoll Fighter)        Turns: 1746, Time: 00:02:01

Health: 0/61       AC: 22    Str: 25    XL:     4   Next: 22%
Magic:  5/5        EV:  2    Int: 15    God:
Gold:   81         SH: 11    Dex: 14    Spells: 5/5 levels left

rFire    . . .     SeeInvis .   a - +0 long sword
rCold    . . .     Gourm    .   c - +0 shield
rNeg     + + +     Faith    .   (armour currently unavailable)
rPois    +         Spirit   .   (helmet currently unavailable)
rElec    .         Reflect  .   (cloak currently unavailable)
rCorr    .         Harm     .   (gloves currently unavailable)
MR       .....     NoTele   +   (boots currently unavailable)
Stlth    ++........             (no amulet)
HPRegen  0.20/turn              (no ring)
MPRegen  0.09/turn              (no ring)

@: mighty, brilliant, lethally poisoned (0 -> -10), tree-form, berserk cooldown,
hasted and slowed
A: distributed training, strong nose
a: no special abilities


You were on level 3 of the Dungeon.
You were hungry.
You were a tree.
You visited 1 branch of the dungeon, and saw 3 of its levels.

You collected 81 gold pieces.

Inventory:

Hand Weapons
 a - a +0 long sword (weapon)
Missiles
 h - 5 javelins of returning (quivered)
 m - 8 javelins
Armour
 b - a +0 scale mail (melded)
 c - a +0 shield (worn)
 i - a +0 helmet (melded)
Scrolls
 g - 3 scrolls of remove curse {unknown}
 j - 2 scrolls of identify {unknown}
 k - a scroll of enchant armour {unknown}
 p - a scroll of teleportation {unknown}
Comestibles
 f - 5 rations


   Skills:
 + Level 6.6 Fighting
 + Level 1.0 Short Blades
 + Level 4.6 Long Blades
 + Level 1.0 Axes
 + Level 1.0 Maces & Flails
 + Level 1.0 Polearms
 + Level 1.0 Staves
 + Level 1.0 Slings
 + Level 1.0 Bows
 + Level 1.0 Crossbows
 + Level 1.0 Throwing
 + Level 6.6 Armour
 + Level 1.0 Dodging
 + Level 1.0 Stealth
 + Level 6.6 Shields
 + Level 1.0 Unarmed Combat
 + Level 1.0 Spellcasting
 + Level 0.8 Conjurations
 + Level 0.8 Hexes
 + Level 0.8 Charms
 + Level 0.8 Summonings
 + Level 0.8 Necromancy
 + Level 0.8 Translocations
 + Level 0.8 Transmutations
 + Level 0.8 Fire Magic
 + Level 0.8 Ice Magic
 + Level 0.8 Air Magic
 + Level 0.8 Earth Magic
 + Level 0.8 Poison Magic
 + Level 1.1 Invocations
 + Level 1.0 Evocations


You had 5 spell levels left.
You didn't know any spells.
Your spell library was empty.

Dungeon Overview and Level Annotations

Branches:
Dungeon (3/15)

Altars:
Xom


Innate Abilities, Weirdness & Mutations

Your experience applies equally to all skills.
((You have very sharp teeth.))
Your uncanny sense of smell can sniff out nearby items.


Message History

* * * LOW HITPOINT WARNING * * *
You feel sick.
* * * LOW HITPOINT WARNING * * *
You feel sick.
* * * LOW HITPOINT WARNING * * *
You feel sick.
You cannot move.
You cannot move.
* * * LOW HITPOINT WARNING * * *
You feel sick.
* * * LOW HITPOINT WARNING * * *
You feel sick.
* * * LOW HITPOINT WARNING * * *
You feel sick.
* * * LOW HITPOINT WARNING * * *
You feel sick.
You aren't carrying any potions.
* * * LOW HITPOINT WARNING * * *
You feel sick.
You die...

.# ###.##
.....
##...##
##..♣..##
#.......# #
#.....♣....
#.♣<.......
#)....♣....
#......%...
##..♣..##..
##.....#
..#.#.#
#.#)#.# #..
# #


There were no monsters in sight!

Vanquished Creatures
  2 adders
  2 oozes (D:2)
  A worm (D:2)
  2 leopard geckos
  2 bats
  A giant cockroach (D:1)
  8 goblins
  6 hobgoblins
  4 jackals (D:2)
  A frilled lizard (D:1)
  3 kobolds
  2 rats
34 creatures vanquished.

Notes
Turn   | Place    | Note
-------+----------+-------------------------------------------
     0 | D:1      | vishdafish the Gnoll Fighter began the quest for the Orb.
     0 | D:1      | Reached XP level 1. HP: 23/23 MP: 1/1
   187 | D:1      | Reached XP level 2. HP: 15/29 MP: 2/2
   979 | D:2      | Reached XP level 3. HP: 35/35 MP: 3/3
  1397 | D:2      | Reached skill level 1 in Invocations
  1472 | D:2      | Reached skill level 1 in Short Blades
  1472 | D:2      | Reached skill level 1 in Axes
  1472 | D:2      | Reached skill level 1 in Maces & Flails
  1472 | D:2      | Reached skill level 1 in Polearms
  1472 | D:2      | Reached skill level 1 in Staves
  1472 | D:2      | Reached skill level 1 in Slings
  1472 | D:2      | Reached skill level 1 in Bows
  1472 | D:2      | Reached skill level 1 in Crossbows
  1472 | D:2      | Reached skill level 1 in Throwing
  1472 | D:2      | Reached skill level 1 in Dodging
  1472 | D:2      | Reached skill level 1 in Stealth
  1472 | D:2      | Reached skill level 1 in Unarmed Combat
  1472 | D:2      | Reached skill level 1 in Spellcasting
  1472 | D:2      | Reached skill level 1 in Evocations
  1533 | D:2      | Reached XP level 4. HP: 41/41 MP: 5/5
  1600 | D:2      | Found a shimmering altar of Xom.
  1744 | D:3      | HP: 2/61 [poisoned by a kobold]
  1746 | D:3      | Succumbed to a kobold's poison

Skill      XL: |  1  2  3 |
---------------+----------+-----
Invocations    | 1 |  1.1
Short Blades   | 1 |  1.0
Axes           | 1 |  1.0
Maces & Flails | 1 |  1.0
Polearms       | 1 |  1.0
Staves         | 1 |  1.0
Slings         | 1 |  1.0
Bows           | 1 |  1.0
Crossbows      | 1 |  1.0
Throwing       | 1 |  1.0
Dodging        | 1 |  1.0
Stealth        | 1 |  1.0
Unarmed Combat | 1 |  1.0
Spellcasting   | 1 |  1.0
Evocations     | 1 |  1.0
Fighting       | |  6.6
Long Blades    | |  4.6
Armour         | |  6.6
Shields        | |  6.6
Conjurations   | |  0.8
Hexes          | |  0.8
Charms         | |  0.8
Summonings     | |  0.8
Necromancy     | |  0.8
Translocations | |  0.8
Transmutations | |  0.8
Fire Magic     | |  0.8
Ice Magic      | |  0.8
Air Magic      | |  0.8
Earth Magic    | |  0.8
Poison Magic   | |  0.8

Action                   |  1- 3 |  4- 6 || total
-------------------------+-------+-------++-------
Melee: Long sword        |   104 |    15 ||   119
       Bite              |    12 |       ||    12
Throw: Javelin           |     1 |       ||     1
  Use: Potion            |       |     5 ||     5
  Eat: Chunk             |     2 |       ||     2
Armor: Scale mail        |    45 |     6 ||    51
       Skin              |       |     7 ||     7
Dodge: Dodged            |    19 |     8 ||    27
Block: Shield            |    60 |    14 ||    74
       Rpst.: Long sword |     3 |     2 ||     5
